 Dungeon Crawl Stone Soup version 0.19-a0-1905-ge8b2aad (webtiles) character file.

9054 Trimerus the Cleaver (level 11, -7/95 HPs)
             Began as a Minotaur Fighter on Oct 21, 2016.
             Was an Elder of Okawaru.
             Killed from afar by Zigma's ghost (41 damage)
             ... with a bolt of negative energy
             ... on level 10 of the Dungeon.
             The game lasted 00:24:42 (8759 turns).

Trimerus the Cleaver (Minotaur Fighter)             Turns: 8759, Time: 00:24:43

Health: -7/95      AC: 20    Str: 24    XL:     11   Next: 18%
Magic:  17/17      EV:  6    Int:  5    God:    Okawaru [****..]
Gold:   482        SH: 10    Dex: 10    Spells: 1 memorised, 16 levels left

rFire  . . .     SeeInvis .     C - +0 broad axe
rCold  . . .     Gourm    .     g - +3 plate armour
rNeg   . . .     Faith    .     c - +0 shield
rPois  .         Spirit   .     (helmet restricted)
rElec  .         Reflect  .     E - +2 cloak {+Inv}
rCorr  .         Harm     .     D - +0 pair of gloves
MR     .....                    (no boots)
Stlth  ..........               p - amulet of regeneration
                                (no ring)
                                h - +1 ring of protection

@: very heavily drained
A: retaliatory headbutt, horns 2, high mp 1, evolution 1
a: Heroism, Renounce Religion, Evoke Invisibility


You were on level 10 of the Dungeon.
You worshipped Okawaru.
Okawaru was greatly pleased with you.
You were very hungry.

You visited 2 branches of the dungeon, and saw 11 of its levels.
You also visited: Bailey.

You collected 482 gold pieces.

Inventory:

Hand Weapons
 a - a +1 war axe
 d - a +2 hand axe of electrocution
 C - a +0 broad axe (weapon)
Armour
 c - a +0 shield (worn)
 g - a +3 plate armour (worn)
 D - a +0 pair of gloves (worn)
 E - a +2 cloak of invisibility (worn)
Jewellery
 b - an uncursed ring of wizardry
 h - a +1 ring of protection (left hand)
 p - an amulet of regeneration (around neck)
 u - an uncursed ring of wizardry
 y - a +4 amulet of reflection
 F - an uncursed ring of fire
Wands
 l - a wand of polymorph (16/24)
Scrolls
 e - 2 scrolls of remove curse
 j - 2 scrolls of enchant weapon
 s - 2 scrolls of teleportation
 t - a scroll of blinking
 w - 3 scrolls of identify
 G - a scroll of magic mapping
 H - a scroll of immolation
 I - a scroll of recharging
Potions
 k - 6 potions of curing
 r - 3 potions of brilliance
 z - 2 potions of invisibility
 B - a potion of mutation
Books
 n - a book of Minor Magic

   Spells                             Type                      Level
   a - Magic Dart                     Conjuration                  1
   b - Blink                          Translocation                2
   c - Call Imp                       Summoning                    2
   d - Repel Missiles                 Charms/Air                   2
   e - Slow                           Hexes                        2
   f - Conjure Flame                  Conjuration/Fire             3
   g - Mephitic Cloud                 Conjuration/Poison/Air       3
 q - a book of Misfortune

   Spells                             Type                      Level
   a - Confusing Touch                Hexes                        1
   b - Confuse                        Hexes                        3
   c - Gell's Gravitas                Hexes/Translocation          3
   d - Petrify                        Transmutation/Earth          4
   e - Metabolic Englaciation         Hexes/Ice                    5
   f - Yara's Violent Unravelling     Hexes/Transmutation          5
 x - a book of Air

   Spells                             Type                      Level
   a - Shock                          Conjuration/Air              1
   b - Swiftness                      Charms/Air                   2
   c - Repel Missiles                 Charms/Air                   2
   d - Static Discharge               Conjuration/Air              3
   e - Lightning Bolt                 Conjuration/Air              5
Comestibles
 f - 9 bread rations
 i - 12 royal jellies
 m - 4 meat rations
 o - 17 fruits
 v - 4 beef jerkies


   Skills:
 + Level 8.6(5.2) Fighting
 * Level 11.1(7.5) Axes
 + Level 8.6(5.2) Armour
 + Level 6.8(3.6) Dodging
 + Level 8.5(5.1) Shields
 + Level 4.0(1.1) Spellcasting
 + Level 2.8(0.0) Invocations
 + Level 2.7(0.0) Evocations


You had 16 spell levels left.
You knew the following spells:

 Your Spells              Type           Power        Failure   Level  Hunger
a - Repel Missiles        Chrm/Air       #.....       100%        2    ###....


Dungeon Overview and Level Annotations

Branches:
Dungeon (10/15)            Temple (1/1) D:5            Lair (0/6) D:9
    Orc: D:9-12

Altars:
Ashenzari
Cheibriados
Dithmenos
Elyvilon
Fedhas
Gozag
Hepliaklqana
Kikubaaqudgha
Makhleb
Nemelex Xobeh
Okawaru
Qazlal
Ru
Sif Muna
Trog
Uskayaw
Vehumet
Xom
Yredelemnul
Zin
The Shining One

Shops:
D:4 [

Annotations:
D:10 Zigma's ghost, journeyman DrMo


Innate Abilities, Weirdness & Mutations

You reflexively headbutt those who attack you in melee.
You have a pair of horns on your head.
You have an increased reservoir of magic. (+10% MP)
You evolve.


Message History

Zigma's ghost is severely damaged.
Zigma's ghost barely misses you.
You hit Zigma's ghost.
Zigma's ghost is severely damaged.
You feel like a meek peon again. You block Zigma's ghost's attack.
You barely miss Zigma's ghost.
Zigma's ghost is severely damaged.
Zigma's ghost hits you.
You miss Zigma's ghost.
Zigma's ghost is severely damaged.
Zigma's ghost wails, "There is no future for me!"
Zigma's ghost breathes negative energy at you.
The bolt of negative energy hits you!
You feel drained.
Ouch! That really hurt!
* * * LOW HITPOINT WARNING * * *
You feel much better.
Zigma's ghost breathes negative energy at you.
The bolt of negative energy hits you!
You feel drained.
You die...

#.....#.......##..###..#
........................
#.... #.......##..###.##
#.$...#.......##........
#.....#.#####.##..###.##
#.....#.#####.##..# #.#
..................###.##
#...........[.##........
#.....#@################
##+#.##W# #. #D# # #.#
#.# #.# ... ...


You could see a mottled dragon and Zigma's ghost.

Vanquished Creatures
  Erica (D:8)
  An orc sorcerer (Bailey)
  A spiny frog (D:9)
  A kobold demonologist (Bailey)
  A queen bee (D:9)
  A hornet (D:7)
  Grinder (D:4)
  4 hippogriffs
  Prince Ribbit (D:8)
  A yak (D:9)
  Edmund (D:4)
  10 orc warriors
  An ice beast (D:7)
  A necrophage (D:6)
  A sky beast (D:6)
  6 ogres
  2 phantoms
  3 centaurs
  A big kobold (D:8)
  6 bullfrogs
  Blork the orc (D:6)
  A wyvern zombie (D:8)
  4 scorpions
  9 wights
  25 killer bees
  An electric eel (Bailey)
  4 crimson imps
  A bullfrog zombie (D:9)
  A quasit (D:7)
  6 hounds
  2 jellies
  2 orc priests
  A gnoll shaman (D:6)
  3 orc wizards
  3 centaur skeletons
  3 iguanas
  2 worker ants
  A hound zombie (D:9)
  2 hound skeletons
  10 adders
  19 gnolls
  A shadow imp (D:9)
  2 oozes
  2 adder skeletons
  6 worms
  2 dart slugs
  6 leopard geckos
  25 orcs
  4 ball pythons
  7 giant cockroaches
  19 goblins
  12 hobgoblins
  4 jackals
  16 kobolds
  4 quokkas
  8 bats
  8 frilled lizards
  A leopard gecko skeleton (D:5)
  A leopard gecko zombie (D:5)
  A quokka skeleton (D:5)
  A quokka zombie (D:7)
  10 rats
286 creatures vanquished.

Notes
Turn   | Place    | Note
-------+----------+-------------------------------------------
     0 | D:1      | Trimerus the Minotaur Fighter began the quest for the Orb.
     0 | D:1      | Reached XP level 1. HP: 19/19 MP: 0/0
   190 | D:1      | Reached XP level 2. HP: 17/27 MP: 1/1
   510 | D:1      | Reached XP level 3. HP: 33/33 MP: 2/2
   725 | D:2      | Reached skill level 3 in Axes
  1260 | D:2      | You fall through a shaft for 2 floors!
  1358 | D:3      | Reached skill level 1 in Dodging
  1358 | D:3      | Reached XP level 4. HP: 37/40 MP: 3/3
  1665 | D:2      | Found a shattered altar of Ashenzari.
  1811 | D:2      | Reached XP level 5. HP: 37/47 MP: 4/4
  2025 | D:3      | Reached skill level 4 in Axes
  2274 | D:3      | Found a glowing silver altar of Zin.
  2760 | D:4      | Found Bekuac's Armour Shop.
  2859 | D:4      | Noticed Grinder
  2868 | D:4      | Killed Grinder
  2868 | D:4      | Reached skill level 5 in Axes
  2868 | D:4      | Reached skill level 1 in Spellcasting
  2868 | D:4      | Reached XP level 6. HP: 41/55 MP: 4/6
  2963 | D:4      | Noticed Edmund
  2976 | D:4      | Killed Edmund
  2976 | D:4      | Reached skill level 5 in Fighting
  2976 | D:4      | Reached skill level 5 in Armour
  2976 | D:4      | Reached skill level 5 in Shields
  2976 | D:4      | Reached XP level 7. HP: 45/61 MP: 7/7
  3270 | D:5      | Entered Level 5 of the Dungeon
  3336 | D:5      | Found a bloodstained altar of Trog.
  3342 | D:5      | Reached skill level 6 in Axes
  3431 | D:5      | Reached XP level 8. HP: 55/70 MP: 9/9
  3561 | D:5      | Found a staircase to the Ecumenical Temple.
  3571 | Temple   | Entered the Ecumenical Temple
  3845 | D:5      | Gained mutation: You evolve. [potion of beneficial mutation]
  4014 | D:6      | Reached skill level 7 in Axes
  4102 | D:6      | Noticed Blork the orc
  4107 | D:6      | Killed Blork the orc
  4167 | D:6      | Found a shimmering altar of Xom.
  4167 | D:6      | Found a shimmering altar of Xom.
  4167 | D:6      | Found a shimmering altar of Xom.
  4180 | D:6      | Found a shimmering altar of Xom.
  4180 | D:6      | Found a shimmering altar of Xom.
  4180 | D:6      | Found a shimmering altar of Xom.
  4281 | D:6      | Reached skill level 8 in Axes
  4447 | D:6      | Reached XP level 9. HP: 55/78 MP: 11/11
  4490 | D:6      | Found a burning altar of Makhleb.
  4786 | D:7      | You fall through a shaft!
  4880 | D:7      | Reached skill level 5 in Dodging
  4892 | D:7      | Found a flagged portal.
  4911 | Bailey   | Entered a bailey
  5144 | Bailey   | Noticed a kobold demonologist
  5144 | Bailey   | Noticed an orc sorcerer
  5146 | Bailey   | Noticed a red devil
  5150 | Bailey   | Killed an orc sorcerer
  5150 | Bailey   | Reached skill level 9 in Axes
  5158 | Bailey   | Killed a kobold demonologist
  5161 | Bailey   | Found an iron altar of Okawaru.
  5174 | Bailey   | Became a worshipper of Warmaster Okawaru
  5557 | Bailey   | Reached XP level 10. HP: 59/88 MP: 12/14
  5566 | Bailey   | Reached * piety under Okawaru
  5962 | D:7      | Paralysed by a hornet for 3 turns
  6082 | D:7      | Reached skill level 10 in Axes
  6255 | D:7      | Reached skill level 1 in Invocations
  6446 | D:7      | Reached skill level 1 in Evocations
  6836 | D:8      | Noticed Prince Ribbit
  6837 | D:8      | Found an iron altar of Okawaru.
  6838 | D:8      | Noticed Erica
  6857 | D:8      | Killed Prince Ribbit
  6857 | D:8      | Reached ** piety under Okawaru
  6874 | D:8      | HP: 1/88 [something/bolt of poison (18)]
  6879 | D:8      | Killed Erica
  7366 | D:9      | Reached *** piety under Okawaru
  7430 | D:9      | Learned a level 2 spell: Repel Missiles
  7709 | D:9      | Found a staircase to the Lair.
  7711 | D:9      | Noticed a spiny frog
  7718 | D:9      | Killed a spiny frog
  7718 | D:9      | Reached XP level 11. HP: 85/95 MP: 15/15
  7729 | D:9      | Gained mutation: You have an increased reservoir of magic. (+10% MP) [evolution]
  7862 | D:9      | Reached skill level 11 in Axes
  8077 | D:9      | Reached **** piety under Okawaru
  8654 | D:10     | Entered Level 10 of the Dungeon
  8735 | D:10     | Noticed Zigma's ghost (journeyman DrMo)
  8758 | D:10     | HP: 4/95 [Zigma's ghost/bolt of negative energy (51)]
  8759 | D:10     | Killed from afar by Zigma's ghost

Vault maps used:
D:1:      mainiacjoe_arrival_reflecting_pool, minmay_splitting_lines
D:2:      minmay_wonky_spiral, ashenzari_conservatory_becter,
          roderic_three_in_a_row, minmay_tall_x
D:3:      zin_scriptorium, first_bread
D:4:      serial_shops, nicolae_shop_window_shopping, uniq_grinder, uniq_edmund
D:5:      kennysheep_big_flooded_room, lightli_temple_of_fire,
          kennysheep_small_square
D:6:      makhleb_blood_cavern_becter, roderic_roman_lattice, xom_redecorated,
          uniq_blork_the_orc
D:7:      enter_bailey_3
D:8:      okawaru_ov_weapons_minmay, uniq_prince_ribbit1, uniq_erica
D:9:      dpeg_lair_monsters, special_room
D:10:     nicolae_trove_entry_path_of_doom
Temple:   nicolae_temple_elliptical
Bailey:   bailey_axe_of_yendor_kennysheep, bailey

Skill      XL: |  1  2  3  4  5  6  7  8  9 10 11 |
---------------+----------------------------------+-----
Fighting       | 4 5 6 7 8 |  8.6
Axes           | 3 5 6 8 9 10 11 | 11.1
Armour         | 4 5 6 7 8 |  8.6
Shields        | 4 5 6 7 8 |  8.5
Dodging        | 1 2 3 4 5 6 |  6.8
Spellcasting   | 1 2 3 4 |  4.0
Invocations    | 2 |  2.8
Evocations     | 2 |  2.7

Action                   |  1- 3 |  4- 6 |  7- 9 | 10-12 || total
-------------------------+-------+-------+-------+-------++-------
Melee: War axe           |   120 |   142 |     5 |       ||   267
       Headbutt          |    15 |    25 |    54 |    54 ||   148
       Hand axe          |       |       |   263 |       ||   263
       Broad axe         |       |       |    30 |   346 ||   376
Invok: Heroism           |       |       |       |     1 ||     1
  Use: Scroll            |     5 |     1 |    12 |    10 ||    28
       Potion            |       |     1 |     1 |    10 ||    12
  Eat: Chunk             |     2 |     5 |     9 |     8 ||    24
       Pizza             |       |       |       |     1 ||     1
Armor: Scale mail        |    11 |       |       |       ||    11
       Chain mail        |    73 |    72 |    70 |    72 ||   287
       Plate armour      |       |       |       |   115 ||   115
Dodge: Dodged            |    35 |    27 |    66 |   147 ||   275
Block: Shield            |    78 |    81 |   133 |   269 ||   561
